TOP OF THE 1ST |
Gwinnett County Black Cats batting - Pitching for Louisiana Dragoons : RHP Jorge Rosales
|
Pitching: RHP Jorge Rosales
|
|
Batting: RHB Aaron Taylor
|
0-0: Ground out 5-3 (Groundball, 5L)
|
Batting: LHB Willis Baker
|
0-0: Ball 1-0: Ball 2-0: Ground out U3 (Groundball, 3L)
|
Batting: RHB Orlando Sánchez
|
0-0: Ball 1-0: Ball 2-0: Swinging Strike 2-1: Ball 3-1: Ground out 6-3 (Groundball, 6)
|
Top of the 1st over - 0 run(s), 0 hit(s), 0 error(s), 0 left on base; Gwinnett County 0 - Louisiana 0 |
BOTTOM OF THE 1ST |
Louisiana Dragoons batting - Pitching for Gwinnett County Black Cats : RHP Horacio Pérez
|
Pitching: RHP Horacio Pérez
|
|
Batting: SHB Francisco Valentín
|
0-0: Called Strike 0-1: Swinging Strike 0-2: Ball 1-2: Foul Ball, location: 2F 1-2: Ball 2-2: Foul Ball, location: 2F 2-2: Foul Ball, location: 2F 2-2: Ground out U3 (Groundball, 3)
|
Batting: RHB Jody Bennett
|
0-0: Fly out, F9 (Flyball, 89M)
|
Batting: RHB Wessel Wemerman
|
0-0: Called Strike 0-1: Ball 1-1: Called Strike 1-2: Fly out, F8 (Flyball, 8LD)
|
Bottom of the 1st over - 0 run(s), 0 hit(s), 0 error(s), 0 left on base; Gwinnett County 0 - Louisiana 0 |
TOP OF THE 2ND |
Gwinnett County Black Cats batting - Pitching for Louisiana Dragoons : RHP Jorge Rosales
|
Batting: LHB Jorge Borbón
|
0-0: Ball 1-0: Called Strike 1-1: Swinging Strike 1-2: Foul Ball, location: 2F 1-2: Strikes out swinging
|
Batting: RHB Ghislain Vespucci
|
0-0: Ball 1-0: Fly out, F6 (Line Drive, 56)
|
Batting: RHB John Townsend
|
0-0: Ball 1-0: TRIPLE (Flyball, 89M)
|
Batting: LHB Jace McNulty
|
0-0: Called Strike 0-1: SINGLE (Flyball, 78S) John Townsend scores
|
Batting: RHB Addie Kattenberg
|
0-0: Called Strike 0-1: Called Strike 0-2: Ball 1-2: Foul Ball, location: 2F 1-2: Strikes out looking
|
Top of the 2nd over - 1 run(s), 2 hit(s), 0 error(s), 1 left on base; Gwinnett County 1 - Louisiana 0 |
BOTTOM OF THE 2ND |
Louisiana Dragoons batting - Pitching for Gwinnett County Black Cats : RHP Horacio Pérez
|
Batting: LHB Juan Gabriel
|
0-0: Swinging Strike 0-1: Ball 1-1: Fly out, F9 (Flyball, 9S)
|
Batting: RHB Marshall Lamar
|
0-0: Ball 1-0: Ball 2-0: Called Strike 2-1: Swinging Strike 2-2: Strikes out swinging
|
Batting: RHB Kevin Johnson
|
0-0: Ball 1-0: Swinging Strike 1-1: Foul Ball, location: 2F 1-2: Ball 2-2: Ball 3-2: Base on Balls
|
Batting: RHB Fernando Rutledge
|
0-0: Fly out, F9 (Flyball, 89S)
|
Bottom of the 2nd over - 0 run(s), 0 hit(s), 0 error(s), 1 left on base; Gwinnett County 1 - Louisiana 0 |
TOP OF THE 3RD |
Gwinnett County Black Cats batting - Pitching for Louisiana Dragoons : RHP Jorge Rosales
|
Batting: RHB Luis Guerrero
|
0-0: Called Strike 0-1: Ball 1-1: Foul Ball, location: 2F 1-2: Ball 2-2: Strikes out swinging
|
Batting: RHB Aaron Taylor
|
0-0: Ball 1-0: Fly out, F3 (Popup, 34S)
|
Batting: LHB Willis Baker
|
0-0: Ball 1-0: Ball 2-0: Ball 3-0: Called Strike 3-1: Foul Ball, location: 2F 3-2: Foul Ball, location: 2F 3-2: Foul Ball, location: 2F 3-2: Ground out U3 (Groundball, 3L)
|
Top of the 3rd over - 0 run(s), 0 hit(s), 0 error(s), 0 left on base; Gwinnett County 1 - Louisiana 0 |
BOTTOM OF THE 3RD |
Louisiana Dragoons batting - Pitching for Gwinnett County Black Cats : RHP Horacio Pérez
|
Batting: RHB Eduardo Rivera
|
0-0: Fly out, F8 (Flyball, 8RM)
|
Batting: RHB Jaime Cruz
|
0-0: Called Strike 0-1: Swinging Strike 0-2: Ball 1-2: Ball 2-2: Foul Ball, location: 2F 2-2: Ball 3-2: Foul Ball, location: 2F 3-2: Strikes out looking
|
Batting: SHB Francisco Valentín
|
0-0: Ball 1-0: Called Strike 1-1: Ground out 4-3 (Groundball, 4)
|
Bottom of the 3rd over - 0 run(s), 0 hit(s), 0 error(s), 0 left on base; Gwinnett County 1 - Louisiana 0 |
TOP OF THE 4TH |
Gwinnett County Black Cats batting - Pitching for Louisiana Dragoons : RHP Jorge Rosales
|
Batting: RHB Orlando Sánchez
|
0-0: Called Strike 0-1: Ball 1-1: Ball 2-1: Foul Ball, location: 2F 2-2: Fly out, F8 (Flyball, 8RXD)
|
Batting: LHB Jorge Borbón
|
0-0: Swinging Strike 0-1: Ball 1-1: Called Strike 1-2: Ball 2-2: Strikes out swinging
|
Batting: RHB Ghislain Vespucci
|
0-0: Ball 1-0: Foul Ball, location: 2F 1-1: Ball 2-1: Ball 3-1: Fly out, F5 (Line Drive, 5)
|
Top of the 4th over - 0 run(s), 0 hit(s), 0 error(s), 0 left on base; Gwinnett County 1 - Louisiana 0 |
BOTTOM OF THE 4TH |
Louisiana Dragoons batting - Pitching for Gwinnett County Black Cats : RHP Horacio Pérez
|
Batting: RHB Jody Bennett
|
0-0: Called Strike 0-1: Foul Ball, location: 2F 0-2: Ball 1-2: Ground out 4-3 (Groundball, 4)
|
Batting: RHB Wessel Wemerman
|
0-0: Called Strike 0-1: SINGLE (Flyball, 7LM)
|
Batting: LHB Juan Gabriel
|
0-0: Ball 1-0: Ball 2-0: Called Strike 2-1: Called Strike 2-2: Ball 3-2: Ground out 4-3 (Groundball, 4) Wessel Wemerman to second
|
Batting: RHB Marshall Lamar
|
0-0: Ball 1-0: Swinging Strike 1-1: Ball 2-1: Swinging Strike 2-2: Foul Ball, location: 2F 2-2: Foul Ball, location: 2F 2-2: Ball 3-2: Foul Ball, location: 2F 3-2: Foul Ball, location: 2F 3-2: Foul Ball, location: 2F 3-2: Ground out 6-3 (Groundball, 6M)
|
Bottom of the 4th over - 0 run(s), 1 hit(s), 0 error(s), 1 left on base; Gwinnett County 1 - Louisiana 0 |
TOP OF THE 5TH |
Gwinnett County Black Cats batting - Pitching for Louisiana Dragoons : RHP Jorge Rosales
|
Batting: RHB John Townsend
|
0-0: Ball 1-0: Fly out, F9 (Popup, 9LSF)
|
Batting: LHB Jace McNulty
|
0-0: Ball 1-0: Ball 2-0: Called Strike 2-1: Ball 3-1: Ground out U3 (Groundball, 3)
|
Batting: RHB Addie Kattenberg
|
0-0: Fly out, F9 (Flyball, 9S)
|
Top of the 5th over - 0 run(s), 0 hit(s), 0 error(s), 0 left on base; Gwinnett County 1 - Louisiana 0 |
BOTTOM OF THE 5TH |
Louisiana Dragoons batting - Pitching for Gwinnett County Black Cats : RHP Horacio Pérez
|
Batting: RHB Kevin Johnson
|
0-0: Foul Ball, location: 2F 0-1: Ball 1-1: Ball 2-1: Foul Ball, location: 2F 2-2: Ball 3-2: Hit by Pitch
|
Batting: RHB Fernando Rutledge
|
0-0: Ball 1-0: Called Strike Kevin Johnson steals 2nd base 1-1: Sac Bunt - play at first, batter OUT! 1-4 Kevin Johnson to third
|
Batting: RHB Eduardo Rivera
|
0-0: Ball 1-0: Foul Ball, location: 2F 1-1: Ball 2-1: Reached on error, E5 (Groundball, 5) Kevin Johnson scores
|
Batting: RHB Jaime Cruz
|
0-0: Ball 1-0: Called Strike 1-1: Swinging Strike 1-2: Foul Ball, location: 2F 1-2: Fly out, F5 (Line Drive, 5S)
|
Batting: SHB Francisco Valentín
|
0-0: Ball 1-0: Ball 2-0: Ball 3-0: Fly out, F6 (Popup, 5D)
|
Bottom of the 5th over - 1 run(s), 0 hit(s), 1 error(s), 1 left on base; Gwinnett County 1 - Louisiana 1 |
TOP OF THE 6TH |
Gwinnett County Black Cats batting - Pitching for Louisiana Dragoons : RHP Jorge Rosales
|
Batting: RHB Luis Guerrero
|
0-0: Foul Ball, location: 2F 0-1: Foul Ball, location: 2F 0-2: Ball 1-2: Strikes out looking
|
Batting: RHB Aaron Taylor
|
0-0: Called Strike 0-1: Ball 1-1: Called Strike 1-2: Ball 2-2: Ball 3-2: Ground out 1-3 (Groundball, 13S)
|
Batting: LHB Willis Baker
|
0-0: Ball 1-0: Ground out 3-1 (Groundball, 34)
|
Top of the 6th over - 0 run(s), 0 hit(s), 0 error(s), 0 left on base; Gwinnett County 1 - Louisiana 1 |
BOTTOM OF THE 6TH |
Louisiana Dragoons batting - Pitching for Gwinnett County Black Cats : RHP Horacio Pérez
|
Batting: RHB Jody Bennett
|
0-0: Called Strike 0-1: SINGLE (Line Drive, 3D)
|
Batting: RHB Wessel Wemerman
|
0-0: Swinging Strike 0-1: Called Strike 0-2: Ball 1-2: Ball 2-2: Foul Ball, location: 2F 2-2: Grounds into double play, 4-6-3 (Groundball, 4)
|
Batting: LHB Juan Gabriel
|
0-0: Called Strike 0-1: Called Strike 0-2: Ball 1-2: Ball 2-2: Ball 3-2: Base on Balls
|
Batting: RHB Marshall Lamar
|
0-0: Ball 1-0: Ball 2-0: Called Strike 2-1: Fly out, F8 (Flyball, 8LM)
|
Bottom of the 6th over - 0 run(s), 1 hit(s), 0 error(s), 1 left on base; Gwinnett County 1 - Louisiana 1 |
TOP OF THE 7TH |
Gwinnett County Black Cats batting - Pitching for Louisiana Dragoons : RHP Jorge Rosales
|
Batting: RHB Orlando Sánchez
|
0-0: Foul Ball, location: 2F 0-1: Ground out 1-3 (Groundball, 13)
|
Batting: LHB Jorge Borbón
|
0-0: SINGLE (Line Drive, 34)
|
Batting: RHB Ghislain Vespucci
|
0-0: Called Strike 0-1: Ball 1-1: Foul Ball, location: 2F 1-2: Ball 2-2: Strikes out looking
|
Batting: RHB John Townsend
|
0-0: Ball 1-0: Ball 2-0: Called Strike 2-1: Ball 3-1: Base on Balls Jorge Borbón to second
|
Pinch Hitting: RHB Jim Unknown
|
0-0: Called Strike 0-1: Ball 1-1: Ball 2-1: SINGLE (Groundball, 56D) (infield hit) Jorge Borbón to third John Townsend to second
|
Pitching: LHP Arnold Berry
|
|
Pinch Hitting: RHB Gerardo Bramante
|
0-0: Called Strike 0-1: GRAND SLAM HOME RUN (Flyball, 8LXD), Distance : 446 ft
|
Batting: RHB Luis Guerrero
|
0-0: Ball 1-0: Ball 2-0: Ball 3-0: Called Strike 3-1: SINGLE (Line Drive, 89M)
|
Batting: RHB Aaron Taylor
|
0-0: Called Strike 0-1: Foul Ball, location: 2F 0-2: Ball 1-2: Fly out, F3 (Popup, 23F)
|
Top of the 7th over - 4 run(s), 4 hit(s), 0 error(s), 1 left on base; Gwinnett County 5 - Louisiana 1 |
BOTTOM OF THE 7TH |
Louisiana Dragoons batting - Pitching for Gwinnett County Black Cats : RHP Horacio Pérez
|
Now at 3B: Clarence Weber
|
|
Now in RF: Jim Unknown
|
|
Batting: RHB Kevin Johnson
|
0-0: Ball 1-0: Ball 2-0: Ball 3-0: Called Strike 3-1: SINGLE (Groundball, 5D)
|
Batting: RHB Fernando Rutledge
|
0-0: Reached on error, E5 (Groundball, 56) Kevin Johnson to second
|
Batting: RHB Eduardo Rivera
|
0-0: Ball 1-0: Bunted foul 1-1: Sac Bunt - play at first, batter OUT! 2-4 Kevin Johnson to third Fernando Rutledge to second
|
Batting: RHB Jaime Cruz
|
0-0: Swinging Strike 0-1: Foul Ball, location: 2F 0-2: Ball 1-2: Ground out 5-3 (Groundball, 5)
|
Pitching: LHP Constantino Kent
|
|
Batting: SHB Francisco Valentín
|
0-0: Foul Ball, location: 2F 0-1: SINGLE (Line Drive, 89M) Kevin Johnson scores Fernando Rutledge to third Runner from 3rd tries for Home, SAFE, no throw or cutoff
|
Batting: RHB Jody Bennett
|
0-0: Ball 1-0: Foul Ball, location: 2F 1-1: Ball 2-1: Foul Ball, location: 2F 2-2: DOUBLE (Line Drive, 7LM) Francisco Valentín to third
|
Batting: RHB Wessel Wemerman
|
0-0: Called Strike 0-1: Foul Ball, location: 2F 0-2: Ball 1-2: Foul Ball, location: 2F 1-2: SINGLE (Line Drive, 34) Francisco Valentín scores Jody Bennett to third Runner from 3rd tries for Home, SAFE, no throw or cutoff
|
Batting: LHB Juan Gabriel
|
0-0: Ball 1-0: Swinging Strike 1-1: Ball 2-1: Ground out 4-3 (Groundball, 4)
|
Bottom of the 7th over - 4 run(s), 4 hit(s), 1 error(s), 1 left on base; Gwinnett County 5 - Louisiana 5 |
TOP OF THE 8TH |
Gwinnett County Black Cats batting - Pitching for Louisiana Dragoons : LHP Arnold Berry
|
Batting: LHB Willis Baker
|
0-0: Ball 1-0: SINGLE (Line Drive, 3S)
|
Batting: RHB Orlando Sánchez
|
0-0: Called Strike 0-1: Grounds into double play, 5-4-3 (Groundball, 5)
|
Batting: LHB Jorge Borbón
|
0-0: Fly out, F8 (Flyball, 8RXD)
|
Top of the 8th over - 0 run(s), 1 hit(s), 0 error(s), 0 left on base; Gwinnett County 5 - Louisiana 5 |
BOTTOM OF THE 8TH |
Louisiana Dragoons batting - Pitching for Gwinnett County Black Cats : LHP Constantino Kent
|
Pinch Hitting: RHB Alberto Figueroa
|
0-0: Foul Ball, location: 2F 0-1: Called Strike 0-2: Foul Ball, location: 2F 0-2: Strikes out swinging
|
Pinch Hitting: RHB Derrek Conklin
|
0-0: Ball 1-0: Ball 2-0: Fly out, F6 (Popup, 4M)
|
Pinch Hitting: RHB Jim Unknown
|
0-0: Ball 1-0: Ball 2-0: Called Strike 2-1: Ball 3-1: Foul Ball, location: 2F 3-2: Base on Balls
|
Batting: RHB Eduardo Rivera
|
0-0: Ball 1-0: Ball 2-0: Ball 3-0: Called Strike 3-1: Base on Balls Jim Unknown to second
|
Pinch Hitting: RHB Juan Castanedo
|
0-0: Ball 1-0: Called Strike 1-1: Foul Ball, location: 2F 1-2: Foul Ball, location: 2F 1-2: Strikes out swinging
|
Bottom of the 8th over - 0 run(s), 0 hit(s), 0 error(s), 2 left on base; Gwinnett County 5 - Louisiana 5 |
BOTTOM OF THE 9TH |
Louisiana Dragoons batting - Pitching for Gwinnett County Black Cats : LHP Constantino Kent
|
Now at 3B: Jim Unknown
|
|
Batting: SHB Francisco Valentín
|
0-0: Swinging Strike 0-1: Ball 1-1: Fly out, F9 (Flyball, 9LM)
|
Batting: RHB Jody Bennett
|
0-0: Called Strike 0-1: Ball 1-1: Called Strike 1-2: Fly out, F4 (Line Drive, 4)
|
Batting: RHB Wessel Wemerman
|
0-0: Ground out 6-3 (Groundball, 6)
|
Bottom of the 9th over - 0 run(s), 0 hit(s), 0 error(s), 0 left on base; Gwinnett County 5 - Louisiana 5 |
TOP OF THE 10TH |
Gwinnett County Black Cats batting - Pitching for Louisiana Dragoons : RHP Iván Flores
|
Pinch Hitting: RHB Jim Unknown
|
0-0: Called Strike 0-1: Ball 1-1: Foul Ball, location: 2F 1-2: Foul Ball, location: 2F 1-2: Ball 2-2: Strikes out swinging
|
Batting: RHB Aaron Taylor
|
0-0: Ball 1-0: Ball 2-0: SINGLE (Groundball, 56D) (infield hit)
|
Batting: LHB Willis Baker
|
0-0: Ball 1-0: Ball 2-0: Swinging Strike 2-1: Ball 3-1: Base on Balls Aaron Taylor to second
|
Batting: RHB Orlando Sánchez
|
0-0: Called Strike Aaron Taylor is caught stealing 3rd base Willis Baker to second 0-1: Foul Ball, location: 2F 0-2: Ball 1-2: Fly out, F7 (Flyball, 7LDF)
|
Top of the 10th over - 0 run(s), 1 hit(s), 0 error(s), 1 left on base; Gwinnett County 5 - Louisiana 5 |
BOTTOM OF THE 10TH |
Louisiana Dragoons batting - Pitching for Gwinnett County Black Cats : LHP Constantino Kent
|
Now at 2B: Jim Unknown
|
|
Pinch Hitting: RHB Roberto Hernández
|
0-0: Ball 1-0: SINGLE (Groundball, 25) (infield hit)
|
Batting: RHB Sancho Rodríguez
|
0-0: Fly out, F3 (Popup, 3SF)
|
Batting: RHB Derrek Conklin
|
0-0: Ball 1-0: Ball 2-0: Fly out, F8 (Flyball, 8LM)
|
Pitching: RHP Dave Woodes
|
|
Batting: RHB Jim Unknown
|
0-0: Foul Ball, location: 2F 0-1: Ball 1-1: Foul Ball, location: 2F 1-2: Ball 2-2: Ball 3-2: Base on Balls Roberto Hernández to second
|
Batting: RHB Eduardo Rivera
|
0-0: Called Strike 0-1: Ball 1-1: Ball 2-1: Swinging Strike 2-2: SINGLE (Line Drive, 6M) Roberto Hernández to third Jim Unknown to second Runner from 3rd tries for Home, SAFE, no throw or cutoff
|
|